 Dungeon Crawl Stone Soup version 0.31-a0-277-g31ea1f65cc (webtiles) character file.

Game seed: 12542069529789257995

613 LeprechaunX the Changeling (level 7, -4/47 HPs)
             Began as an Octopode Shapeshifter on July 16, 2023.
             Slain by an orc
             ... wielding a +0 flail
              (6 damage)
             ... on level 5 of the Dungeon.
             The game lasted 00:05:01 (3834 turns).

LeprechaunX the Changeling (Octopode Shapeshifter)  Turns: 3834, Time: 00:05:01

Health: -4/47      AC:  1    Str: 16    XL:     7   Next: 44%
Magic:  7/7        EV: 14    Int: 10    God:
Gold:   200        SH:  0    Dex: 13    Spells: 6/6 levels left

rFire   . .          .
                       - Unarmed
rCold   . . .        (no shield)
rNeg    . . .        (helmet currently unavailable)
rPois   .            (no amulet)
rElec   .            (no ring)
rCorr   .            (no ring)
SInv    .            (no ring)
Will    .....        (no ring)
Stlth   ++           (no ring)
HPRegen 0.27/turn    (no ring)
MPRegen 0.10/turn    (no ring)
                     (no ring)

%: no passive effects
@: beast-form
A: beast (slay +3), almost no armour, amphibious, 8 rings, camouflage 1,
gelatinous body 1, (nimble swimmer 1), tentacles
a: Begin Untransformation


You were on level 5 of the Dungeon.
You were a hulking beast.
You visited 1 branch of the dungeon, and saw 5 of its levels.

You collected 200 gold pieces.

Inventory:

Talismans
 b - a beast talisman
Wands
 o - a wand of light (4)
Scrolls
 c - a scroll of poison {unknown}
 d - 2 scrolls of revelation {unknown}
 g - 3 scrolls of teleportation {unknown}
 i - 3 scrolls of noise {unknown}
 l - 3 scrolls of identify {unknown}
 n - a scroll of fog {unknown}
 p - a scroll of torment {unknown}
Potions
 a - a potion of lignification
 e - 6 potions of curing {unknown}
 f - a potion of cancellation {unknown}
 h - a potion of enlightenment {unknown}
 j - a potion of resistance {unknown}
 k - a potion of mutation {unknown}
 m - a potion of berserk rage {unknown}
 q - 2 potions of haste {unknown}


   Skills:
 + Level 3.9 Fighting
 + Level 3.9 Dodging
 + Level 4.0 Unarmed Combat
 * Level 5.0 Shapeshifting


You had 6 spell levels left.
You didn't know any spells.
Your spell library contained the following spells:

 Spells                   Type           Power      Damage    Failure   Level
 Summon Small Mammal      Summ           0%         N/A       36%         1
 Call Canine Familiar     Summ           0%         N/A       75%         3
 Summon Guardian Golem    Hex/Summ       0%         N/A       75%         3
 Anguish                  Hex/Necr       0%         N/A       98%         4
 Cause Fear               Hex            0%         N/A       98%         4
 Enfeeble                 Hex            0%         N/A       100%        7


Dungeon Overview and Level Annotations

Branches:
Dungeon (5/15)
 Temple: D:4-7

Altars:
Ru
Zin

Annotations:
D:3 3 runed translucent doors, mwobee's ghost, weakling DrBr


Innate Abilities, Weirdness & Mutations

You are a hulking beast.
Your limbs bulge with bestial killing power. (Slay +3)
You cannot wear most types of armour.
You are amphibious.
You can wear up to eight rings at the same time.
Your skin changes colour to match your surroundings (Stealth+).
Your rubbery body absorbs attacks. (AC +1, EV +1)
((You are camouflaged when in or above water. (Stealth+)))
You have tentacles for arms and can constrict up to eight enemies at once.


Message History

The centaur shoots an arrow.
The arrow hits you!
An adder comes into view.
The adder hisses angrily.
The orc shouts!
An orc comes into view. It is wielding a +0 hand axe.
The centaur unwields a +0 shortbow.
The centaur closely misses you. The centaur misses you.
The centaur barely misses you. The centaur misses you.
You closely miss the centaur. The centaur closely misses you.
The centaur kicks you.
You closely miss the centaur. The centaur hits you.
The centaur kicks you but does no damage.
You tentacle-slap the centaur but do no damage.
You squeeze the centaur!
The centaur is moderately wounded.
The centaur hits you. The centaur closely misses you.
The orc closely misses you. The centaur barely misses you. x2
You barely miss the centaur. Your squeeze misses the centaur.
The centaur is moderately wounded.
The orc barely misses you. The orc hits you with a +0 club.
The centaur hits you. The centaur kicks you.
You barely miss the centaur.
The centaur is moderately wounded.
The centaur hits you. The centaur kicks you.
* * * LOW HITPOINT WARNING * * *
The orc closely misses you. x2
You tentacle-slap the centaur.
The centaur is heavily wounded.
The centaur misses you. The centaur kicks you.
* * * LOW HITPOINT WARNING * * *
The orc hits you with a +0 flail.
* * * LOW HITPOINT WARNING * * *
The centaur hits you.
* * * LOW HITPOINT WARNING * * *
The centaur kicks you.
* * * LOW HITPOINT WARNING * * *
You tentacle-slap the centaur but do no damage.
You squeeze the centaur!
The centaur is almost dead.
The centaur hits you but does no damage.
The centaur barely misses you. The orc hits you with a +0 flail.
You die...

...... #....###
#......####
#..!.......
#......≈≈≈.
##..S..≈≈≈≈≈.
#..cooo≈≈_≈≈..
#...ho.≈≈(≈≈..
#......≈≈.≈≈..
#......≈≈.≈≈..
#......≈...≈.....
#......≈.8.≈.....
#................
#......#.........
#......#.........
#......#.........


You could see a centaur, an adder and 4 orcs.

Vanquished Creatures
  An ice beast (D:4)
  A phantom (D:4)
  A scorpion (D:4)
  An orc priest (D:3)
  An iguana (D:4)
  Ijyb (D:3)
  Natasha (thrice) (D:2)
  2 orc wizards
  Robin (D:3)
  3 gnolls (D:2)
  3 adders
  A shadow imp (D:4)
  3 dart slugs
  8 orcs (D:3)
  9 ball pythons
  6 bats
  11 endoplasms
  A giant cockroach (D:3)
  10 goblins
  9 hobgoblins
  3 jackals
  9 kobolds
  2 quokkas
  2 frilled lizards
  4 rats
96 creatures vanquished.

Notes
Turn   | Place    | Note
-------+----------+-------------------------------------------
     0 | D:1      | LeprechaunX the Octopode Shapeshifter began the quest for
                  | the Orb.
     0 | D:1      | Reached XP level 1. HP: 14/14 MP: 1/1
   127 | D:1      | Reached XP level 2. HP: 12/19 MP: 2/2
   465 | D:1      | Found a faded altar of an unknown god.
   683 | D:1      | Reached XP level 3. HP: 14/24 MP: 3/3
  1282 | D:2      | Reached XP level 4. HP: 30/30 MP: 4/4
  1517 | D:2      | Noticed Natasha
  1523 | D:2      | Killed Natasha
  1642 | D:2      | Noticed Natasha
  1647 | D:2      | Killed Natasha
  1648 | D:2      | Reached XP level 5. HP: 19/36 MP: 5/5
  1729 | D:2      | Noticed Natasha
  1736 | D:2      | Killed Natasha
  1737 | D:2      | Reached skill level 4 in Shapeshifting
  1969 | D:3      | Noticed Robin
  1970 | D:3      | Noticed Ijyb
  1997 | D:3      | Killed Ijyb
  2109 | D:3      | Reached XP level 6. HP: 5/42 MP: 6/6
  2438 | D:3      | Killed Robin
  2711 | D:3      | Identified the +4 chain mail of Gallantry {rCorr}
  2712 | D:3      | Found a runed translucent gate.
  2712 | D:3      | Noticed mwobee's ghost (weakling DrBr)
  2713 | D:3      | Found a runed translucent gate.
  2713 | D:3      | Found a runed translucent gate.
  3136 | D:4      | Found a sacrificial altar of Ru.
  3362 | D:4      | Noticed an ice beast
  3378 | D:4      | Reached XP level 7. HP: 31/47 MP: 7/7
  3384 | D:4      | Reached skill level 5 in Shapeshifting
  3810 | D:5      | Entered Level 5 of the Dungeon
  3821 | D:5      | Found a glowing silver altar of Zin.
  3833 | D:5      | HP: 2/47 [centaur (2)]
  3834 | D:5      | Slain by an orc

Illustrated notes

Levels and vault maps discovered:
D:1:      nzn_arrival_depleted_hourglass, layout_loops_corners,
          shapermc_ecumenical_altar_mp_highgroup, minmay_ruptured
D:2:      layout_rooms, minmay_misc_feat_five, wad_floor_pattern_untrapped,
          uniq_natasha
D:3:      layout_loops_ring, biasface_ghost_orc_armoury, nicolae_goblin_pals
D:4:      layout_basic, nicolae_ru_great_annihilating_truth
D:5:      wad_river_or_something, layout_basic, mainiacjoe_overflow_catwalk,
          grunt_ministairs_13

Skill      XL: |  1  2  3  4  5  6  7 |
---------------+----------------------+-----
Fighting       | 3 |  3.9
Dodging        | 3 |  3.9
Unarmed Combat | 3 4 |  4.0
Shapeshifting  | 4 5 |  5.0

Action                     |  1- 3 |  4- 6 |  7- 9 || total
---------------------------+-------+-------+-------++-------
  Melee: Unarmed           |    70 |   123 |    22 ||   215
         Constrict         |    12 |    39 |     2 ||    53
         Tentacles         |     8 |    28 |     5 ||    41
         Punch             |     2 |     6 |       ||     8
  Throw: Throwing net      |       |     3 |       ||     3
   Stab: Sleeping          |     4 |     5 |     2 ||    11
         Paralysed         |       |     1 |       ||     1
 Armour: Skin              |    11 |     3 |     2 ||    16
  Dodge: Dodged            |    51 |    66 |    23 ||   140

Table legend: (Time is in decaauts)
 A = Elapsed time spent in this place.
 B = Non-inter-level travel time spent in this place.
 C = Inter-level travel time spent in this place.
 D = Time resting spent in this place.
 E = Time spent auto-exploring this place.
 F = Levels seen in this place.
 G = Mean time per level.
                   A        B        C        D        E       F      G
               +--------+--------+--------+--------+--------+-----+--------+
         Total |   3822 |   3622 |    200 |    434 |   2602 |   5 |  764.4 |
       Dungeon |   3822 |   3622 |    200 |    434 |   2602 |   5 |  764.4 |
               +--------+--------+--------+--------+--------+-----+--------+

Top non-repeatable levels by time:
     D:1: 1077 daAuts
     D:3: 1059 daAuts
     D:4: 879 daAuts
     D:2: 782 daAuts
     D:5: 23 daAuts
